 Dungeon Crawl Stone Soup version 0.21-a0-95-g06f091e (webtiles) character file.

5841 Musica the Carver (level 10, -8/66 HPs)
             Began as a Gargoyle Fighter on July 5, 2017.
             Was a Believer of Makhleb.
             Mangled by an enormous slime creature (50 damage)
             ... on level 9 of the Dungeon.
             The game lasted 00:24:32 (6396 turns).

Musica the Carver (Gargoyle Fighter)                Turns: 6396, Time: 00:24:32

Health: -8/66      AC: 16    Str: 27    XL:     10   Next: 80%
Magic:  15/15      EV: 11    Int:  8    God:    Makhleb [**....]
Gold:   442        SH:  4    Dex: 12    Spells: 9/9 levels left

rFire    . . .     SeeInvis .   m - +5 great sword of Gallantry {slice, *Slow +Blink Str+8 Int-2}
rCold    . . .     Gourm    .   (shield currently unavailable)
rNeg     + . .     Faith    .   q - +1 troll leather armour
rPois    ∞         Spirit   .   (helmet restricted)
rElec    +         Reflect  .   (no cloak)
rCorr    .         Harm     .   (no gloves)
MR       .....                  B - +2 pair of boots
Stlth    +.........             (no amulet)
HPRegen  0.61/turn              (no ring)
MPRegen  0.14/turn              (no ring)

@: no status effects
A: big wings, hooves 1, horns 1, large bone plates 1, rugged brown scales 1,
negative energy resistance 1, electricity resistance, unbreathing, petrification
resistance, rot immunity, subdued magic 1, AC +7
a: Fly, Minor Destruction, Renounce Religion, Evoke Blink


You were on level 9 of the Dungeon.
You worshipped Makhleb.
Makhleb was pleased with you.
You were hungry.

You visited 2 branches of the dungeon, and saw 11 of its levels.

You collected 442 gold pieces.

Inventory:

Hand Weapons
 a - a +0 flail
 m - the +5 great sword of Gallantry (weapon) {slice, *Slow +Blink Str+8 Int-2}
   (You found it on level 4 of the Dungeon)

   It inflicts extra damage upon your enemies.
   It affects your strength (+8).
   It affects your intelligence (-2).
   It lets you blink.
   It may slow you when you take damage.
 A - the +1 arbalest of Kuafu {penet, rPois}
   (You found it on level 7 of the Dungeon)

   Ammo fired by it will pass through the targets it hits, potentially hitting
   all targets in its path until it reaches maximum range.
   It protects you from poison.
Missiles
 g - 3 needles of sleeping
 n - 7 needles of confusion
 t - 58 poisoned needles
 u - 77 bolts
 x - 5 tomahawks (quivered)
Armour
 c - a +0 shield
 e - a +1 robe of positive energy
 q - a +1 troll leather armour (worn)
 y - a +3 ring mail
 B - a +2 pair of boots (worn)
Magical Staves
 j - an uncursed staff of power {unknown}
 D - an uncursed staff of poison {unknown}
Wands
 p - a wand of random effects (13/48)
 F - a wand of acid (6/15)
Scrolls
 h - 5 scrolls of teleportation
 i - 4 scrolls of fear
 k - 3 scrolls of remove curse
 l - 4 scrolls of identify
 v - 2 scrolls of amnesia
 H - a scroll of enchant armour
Potions
 b - a potion of ambrosia
 d - 2 potions of might
 o - 3 potions of heal wounds
 s - 3 potions of lignification {unknown}
 C - a potion of haste
 E - a potion of resistance {unknown}
 I - a potion of brilliance
Books
 G - a book of Conjurations

   Spells                             Type                      Level
   a - Magic Dart                     Conjuration                  1
   b - Searing Ray                    Conjuration                  2
   c - Dazzling Spray                 Conjuration/Hexes            3
   d - Fulminant Prism                Conjuration/Hexes            4
   e - Force Lance                    Conjuration/Translocation    4
   f - Iskenderun's Mystic Blast      Conjuration                  4
 J - a book of Callings

   Spells                             Type                      Level
   a - Summon Small Mammal            Summoning                    1
   b - Call Imp                       Summoning                    2
   c - Call Canine Familiar           Summoning                    3
   d - Summon Guardian Golem          Hexes/Summoning              3
   e - Summon Lightning Spire         Summoning/Air                4
   f - Summon Ice Beast               Ice/Summoning                4
Comestibles
 f - 8 bread rations
 r - 10 fruits
 w - 4 meat rations
 z - 5 royal jellies


   Skills:
 + Level 8.4 Fighting
 + Level 10.2 Long Blades
 - Level 3.2 Maces & Flails
   Level 1.0 Slings
 + Level 3.9 Crossbows
 - Level 3.2 Armour
 - Level 5.0 Shields
 * Level 6.8 Invocations


You had 9 spell levels left.
You didn't know any spells.

Dungeon Overview and Level Annotations

Branches:
Dungeon (10/15)            Temple (1/1) D:5
   Lair: D:8-11         Orc: D:9-12

Altars:
Ashenzari
Cheibriados
Dithmenos
Elyvilon
Fedhas
Gozag
Hepliaklqana
Kikubaaqudgha
Makhleb
Nemelex Xobeh
Okawaru
Qazlal
Ru
Sif Muna
Trog
Uskayaw
Vehumet
Wu Jian
Xom
Yredelemnul
Zin
The Shining One

Shops:
D:4 }   D:9 =


Innate Abilities, Weirdness & Mutations

You are resistant to torment.
Your stone body is resilient. (AC +7)
You are immune to poison.
You resist negative energy. (rN+)
You are resistant to electric shocks. (rElec)
You can survive without breathing.
You are immune to petrification.
You are immune to rotting.
Your large and strong wings let you fly indefinitely.
You have large cloven feet.
You have a pair of small horns on your head.
You are partially covered in large bone plates. (SH +4)
You are partially covered in rugged brown scales. (AC +1, +3% HP)
Your spells are a little easier to cast, but a little less powerful.


Message History

You slice the slime creature!!
You kill the slime creature!
Makhleb accepts your kill.
You feel better.
Save game and exit?
Welcome back, Musica the Gargoyle Fighter.
Blood and souls for Makhleb!
Press ? for a list of commands and other information.
Done exploring.
Done exploring.
Done exploring.
Done exploring.
Done exploring.
(D) Dungeon (T) Temple
Where to? (? - help)
There is a stone staircase leading down here.
You climb downwards.
The slime creature barely misses you. The enormous slime creature hits you!!!
Ouch! That really hurt!
You die...

...........#.....#.###.#..#.....#
...........#.....#.# #...........
##########.#.....'.# ####....#+##
#.....#.....#.# #..#.#
#.....#######.# #..#.#
#..........(..# #..#.#
######.####....##########....#
.....#.###......J...........##
.....#...#..#...@...>#..#...#
.....#...#.......J...#..#...#
.....#...'......#...........#
.....#####.##...............#
...............#################
....>...#......#........##.....##
..#.....#......####.....##.....##
..#........#...####.....##.....##
..#..#####.....#........##.....##


You could see an enormous slime creature and a slime creature.

Vanquished Creatures
  2 two-headed ogres (D:8)
  2 wizards (D:8)
  An orc sorcerer (D:8)
  A troll (D:9)
  A slime creature (D:8)
  A hippogriff (D:7)
  A wyvern (D:8)
  Duvessa (D:7)
  A black bear (D:9)
  2 orc warriors
  A phantom (D:9)
  3 sky beasts
  An ogre (D:5)
  A centaur (D:6)
  A big kobold (D:8)
  Dowan (D:7)
  The ghost of Banto the Skirmisher, a weakling DgWn (D:6)
  11 killer bees
  A scorpion (D:6)
  A howler monkey (D:6)
  5 crimson imps
  3 hounds
  3 orc wizards
  4 jellies
  An orc priest (D:4)
  2 iguanas
  2 worker ants
  A hound zombie (D:8)
  A worker ant zombie (D:6)
  12 adders
  A shadow imp (D:6)
  A white imp (D:8)
  2 oozes
  2 adder zombies (D:5)
  2 worms
  2 dart slugs
  4 leopard geckos
  20 orcs
  3 ball pythons
  6 bats
  3 giant cockroaches
  7 goblins
  2 hobgoblins
  6 jackals
  5 quokkas
  7 frilled lizards
  A goblin skeleton (D:8)
  3 hobgoblin zombies (D:8)
  13 kobolds
  A kobold skeleton (D:8)
  A leopard gecko skeleton (D:5)
  3 orc skeletons (D:8)
  2 orc zombies (D:8)
  12 rats
178 creatures vanquished.

Vanquished Creatures (others)
  A plant (D:3)
1 creature vanquished.

Grand Total: 179 creatures vanquished

Notes
Turn   | Place    | Note
-------+----------+-------------------------------------------
     0 | D:1      | Musica the Gargoyle Fighter began the quest for the Orb.
     0 | D:1      | Reached XP level 1. HP: 14/14 MP: 1/1
   188 | D:1      | Reached XP level 2. HP: 19/19 MP: 2/2
   619 | D:1      | You fall through a shaft!
   703 | D:2      | Reached XP level 3. HP: 18/23 MP: 3/3
  1090 | D:1      | Reached XP level 4. HP: 29/29 MP: 4/4
  1436 | D:2      | Reached skill level 1 in Slings
  1900 | D:2      | Found a sacrificial altar of Ru.
  1961 | D:4      | Got a transparent great sword
  1966 | D:3      | Identified the +5 great sword of Gallantry {slice, *Slow +Blink Str+8 Int-2} (You found it on level 4 of the Dungeon)
  2048 | D:3      | Reached XP level 5. HP: 30/33 MP: 5/5
  2436 | D:3      | Reached skill level 1 in Long Blades
  2494 | D:3      | Reached skill level 5 in Shields
  2675 | D:4      | Reached skill level 2 in Long Blades
  2675 | D:4      | Reached XP level 6. HP: 26/38 MP: 6/6
  2746 | D:4      | Found Byru's Gadget Boutique.
  2754 | D:5      | Entered Level 5 of the Dungeon
  2819 | D:5      | Noticed a sky beast
  3131 | D:5      | Killed a sky beast
  3131 | D:5      | Reached skill level 3 in Long Blades
  3169 | D:5      | Reached skill level 4 in Long Blades
  3169 | D:5      | Reached XP level 7. HP: 44/44 MP: 7/7
  3248 | D:5      | Found a burning altar of Makhleb.
  3252 | D:5      | Became a worshipper of Makhleb the Destroyer
  3354 | D:5      | Found a staircase to the Ecumenical Temple.
  3359 | Temple   | Entered the Ecumenical Temple
  3530 | D:5      | Gained mutation: You are occasionally teleported next to monsters. [mutagenic meat]
  3531 | D:5      | Gained mutation: You are clumsy. (Dex -2) [mutagenic meat]
  3532 | D:5      | Gained mutation: You have a pair of small antennae on your head. [mutagenic meat]
  3533 | D:5      | Gained mutation: You have an increased reservoir of magic. (+10% MP) [mutagenic meat]
  3686 | D:6      | Noticed Banto's ghost (weakling DgWn)
  3692 | D:6      | Killed Banto's ghost
  3696 | D:6      | Reached skill level 1 in Invocations
  3747 | D:6      | Reached skill level 5 in Fighting
  3747 | D:6      | Reached skill level 5 in Long Blades
  3814 | D:6      | Reached XP level 8. HP: 45/49 MP: 10/10
  3915 | D:6      | Reached skill level 6 in Long Blades
  3915 | D:6      | HP: 1/49 [killer bee (4)]
  4379 | D:7      | Found an iron altar of Okawaru.
  4476 | D:7      | Reached * piety under Makhleb
  4551 | D:7      | Got a polished arbalest
  4552 | D:7      | Identified the +1 arbalest of Kuafu {penet, rPois} (You found it on level 7 of the Dungeon)
  4685 | D:7      | Noticed Dowan
  4686 | D:7      | Killed Dowan
  4687 | D:7      | Noticed Duvessa
  4694 | D:7      | Killed Duvessa
  4694 | D:7      | Reached skill level 7 in Long Blades
  4751 | D:7      | Found an opulent altar of Gozag.
  4926 | D:7      | Noticed a hippogriff
  4931 | D:7      | Killed a hippogriff
  4931 | D:7      | Reached XP level 9. HP: 40/55 MP: 12/12
  4963 | D:7      | Reached skill level 1 in Crossbows
  5034 | D:7      | Found a stormy altar of Qazlal.
  5034 | D:7      | Found an ornate altar of the Wu Jian Council.
  5034 | D:7      | Found a hazy altar of Hepliaklqana.
  5075 | D:8      | Noticed a wizard
  5075 | D:8      | Noticed an orc sorcerer
  5077 | D:8      | Noticed a wizard
  5083 | D:8      | Killed a wizard
  5083 | D:8      | Reached skill level 8 in Long Blades
  5086 | D:8      | Noticed a red devil
  5086 | D:8      | Killed an orc sorcerer
  5103 | D:8      | Killed a wizard
  5103 | D:8      | Reached skill level 5 in Invocations
  5103 | D:8      | Reached XP level 10. HP: 28/63 MP: 13/15
  5166 | D:8      | Reached skill level 9 in Long Blades
  5207 | D:8      | Noticed a two-headed ogre
  5214 | D:8      | Killed a two-headed ogre
  5253 | D:8      | Lost mutation: You have an increased reservoir of magic. (+10% MP) [potion of mutation]
  5253 | D:8      | Lost mutation: You are clumsy. (Dex -2) [potion of mutation]
  5253 | D:8      | Gained mutation: You are weak. (Str -2) [potion of mutation]
  5253 | D:8      | Gained mutation: Your natural rate of healing is unusually fast. [potion of mutation]
  5254 | D:8      | Lost mutation: You are occasionally teleported next to monsters. [potion of mutation]
  5254 | D:8      | Lost mutation: You are weak. (Str -2) [potion of mutation]
  5254 | D:8      | Lost mutation: You have a pair of small antennae on your head. [potion of mutation]
  5254 | D:8      | Lost mutation: Your natural rate of healing is unusually fast. [potion of mutation]
  5254 | D:8      | Gained mutation: You are partially covered in large bone plates. (SH +4) [potion of mutation]
  5254 | D:8      | Gained mutation: You have supernaturally acute eyesight. (SInv) [potion of mutation]
  5254 | D:8      | Gained mutation: You have a pair of small horns on your head. [potion of mutation]
  5409 | D:8      | Noticed a two-headed ogre
  5410 | D:8      | Found a glowing golden altar of the Shining One.
  5424 | D:8      | Killed a two-headed ogre
  5564 | D:8      | Reached ** piety under Makhleb
  5632 | D:10     | Entered Level 10 of the Dungeon
  5712 | D:9      | Gained mutation: You have large cloven feet. [mutagenic meat]
  5714 | D:9      | Gained mutation: You occasionally shout uncontrollably at your foes. [mutagenic meat]
  5715 | D:9      | Gained mutation: Armour fits poorly on your strangely shaped body. [mutagenic meat]
  5716 | D:9      | Gained mutation: You are weak. (Str -2) [mutagenic meat]
  5718 | D:9      | Lost mutation: You occasionally shout uncontrollably at your foes. [potion of mutation]
  5718 | D:9      | Lost mutation: You have supernaturally acute eyesight. (SInv) [potion of mutation]
  5718 | D:9      | Lost mutation: You are weak. (Str -2) [potion of mutation]
  5718 | D:9      | Lost mutation: Armour fits poorly on your strangely shaped body. [potion of mutation]
  5718 | D:9      | Gained mutation: Your spells are a little easier to cast, but a little less powerful. [potion of mutation]
  5718 | D:9      | Gained mutation: You are partially covered in rugged brown scales. (AC +1, +3% HP) [potion of mutation]
  5718 | D:9      | Gained mutation: Your large and strong wings let you fly indefinitely. [potion of mutation]
  5818 | D:9      | Found Peguot's Jewellery Emporium.
  6027 | D:9      | Reached skill level 10 in Long Blades
  6396 | D:9      | Mangled by an enormous slime creature

Vault maps used:
D:1:      dpeg_arrival_signposts
D:2:      minmay_diamond_boxcup, marbit_many_paths, first_bread, st_stairs_12,
          chequers_big_river
D:3:      saegor_snake_ambush
D:4:      serial_shops, shop, item_on_display_a
D:5:      kennysheep_mini, minmay_temple_entry_trees
D:7:      grunt_gozag_statues, okawaru_metal_pillars_3,
          gammafunk_temple_overflow_claw, uniq_duvessa
D:8:      cheibrodos_wizards_tower, nicolae_tso_besieged_by_evil
D:9:      serial_shops, nicolae_shop_behind_doors, nrook_mini_vaults
D:10:     basic_altar, grunt_livestock, minmay_misc_feat_pillars
Temple:   eino_narrow_crystal_temple

Skill      XL: |  1  2  3  4  5  6  7  8  9 10 |
---------------+-------------------------------+-----
Shields        | 4 5 |  5.0
Slings         | 1 |  1.0
Maces & Flails | 3 |  3.2
Fighting       | 4 5 6 7 8 |  8.4
Long Blades    | 2 4 5 7 8 10 | 10.2
Invocations    | 1 3 5 6 |  6.8
Crossbows      | 3 |  3.9
Armour         | |  3.2

Action                   |  1- 3 |  4- 6 |  7- 9 | 10-12 || total
-------------------------+-------+-------+-------+-------++-------
Melee: Flail             |    89 |    64 |       |       ||   153
       Great sword       |       |    85 |   106 |    90 ||   281
       Headbutt          |       |       |       |    13 ||    13
 Fire: Hunting sling     |     9 |     1 |       |       ||    10
       Arbalest          |       |       |    13 |     3 ||    16
Evoke: Wand              |       |       |       |     1 ||     1
  Use: Scroll            |     1 |    11 |     1 |     3 ||    16
       Potion            |     1 |       |     4 |     4 ||     9
  Eat: Chunk             |     1 |     4 |     8 |     7 ||    20
       Fruit             |       |     3 |       |       ||     3
       Meat ration       |       |       |     1 |       ||     1
Armor: Scale mail        |    40 |    88 |    60 |       ||   188
       Ring mail         |       |       |    64 |    32 ||    96
       Troll leather arm |       |       |       |    14 ||    14
Dodge: Dodged            |    21 |    69 |   109 |    40 ||   239
Block: Shield            |    45 |    35 |       |       ||    80
       Other             |       |       |       |    10 ||    10
       Rpst.: Great sword |       |    19 |    27 |    10 ||    56
